 Dungeon Crawl Stone Soup version 0.27-a0-931-g5a74e75d8f (webtiles) character file.

Game seed: 1590598253439742405

152 polve the Slasher (level 5, -3/41 HPs)
             Began as a Demonspawn Abyssal Knight on Apr 10, 2021.
             Was a Believer of Lugonu.
             Slain by an iguana (9 damage)
             ... on level 3 of the Dungeon.
             The game lasted 00:02:23 (3640 turns).

polve the Slasher (Demonspawn Abyssal Knight)       Turns: 3640, Time: 00:02:23

Health: -3/41      AC: 11    Str: 12    XL:     5   Next: 11%
Magic:  6/6        EV: 11    Int: 15    God:    Lugonu [**....]
Gold:   176        SH:  0    Dex: 12    Spells: 4/4 levels left

rFire    . . .     SeeInvis +   a - +1 falchion
rCold    . . .     Faith    .   (no shield)
rNeg     . . .     Spirit   .   b - +0 leather armour
rPois    +         Reflect  .   (helmet restricted)
rElec    .         Harm     .   j - +0 cloak
rCorr    .         Rampage  .   g - +0 pair of gloves
Will     .....                  (no boots)
Stlth    +.........             (no amulet)
HPRegen  0.13/turn              c - ring of poison resistance
MPRegen  0.10/turn              f - ring of see invisible

@: sanguine armoured
A: antennae 1, ignite blood 1, sanguine armour 1
a: Renounce Religion, Depart the Abyss, Bend Space


You were on level 3 of the Dungeon.
You worshipped Lugonu.
Lugonu was pleased with you.
You visited 1 branch of the dungeon, and saw 4 of its levels.
You visited the Abyss 1 time.

You collected 176 gold pieces.

Inventory:

Hand Weapons
 a - a +1 falchion (weapon)
Armour
 b - a +0 leather armour (worn)
 g - a +0 pair of gloves (worn)
 j - a +0 cloak (worn)
Jewellery
 c - a ring of poison resistance (left hand)
 f - a ring of see invisible (right hand)
Scrolls
 d - a scroll of enchant weapon {unknown}
 e - 3 scrolls of blinking {unknown}
 h - 2 scrolls of identify {unknown}
 k - a scroll of silence {unknown}
 m - a scroll of teleportation {unknown}


   Skills:
 - Level 3.0 Fighting
 + Level 4.9 Long Blades
 - Level 1.7 Armour
 - Level 0.8 Dodging
 - Level 2.4 Invocations


You had 4 spell levels left.
You didn't know any spells.
Your spell library was empty.

Dungeon Overview and Level Annotations

Branches:
Dungeon (4/15)
 Temple: D:4-7

Altars:


Innate Abilities, Weirdness & Mutations

You have a pair of small antennae on your head.
Your demonic aura sometimes causes spilled blood to erupt in flames When seriously injured, your bleeding wounds create armour. (AC +6)


Message History

The hound bites you but does no damage.
You barely miss the hound.
The hound is severely wounded.
The hound bites you but does no damage. The hound bites you.
* * * LOW HITPOINT WARNING * * *
You barely miss the hound.
The hound is severely wounded.
The hound closely misses you.
You miss the hound.
The hound is severely wounded.
The hound barely misses you. The hound bites you but does no damage.
You hit the hound.
The hound is almost dead.
The hound completely misses you. The hound bites you but does no damage.
You barely miss the hound.
The hound is almost dead.
The hound barely misses you.
You riposte.
You barely miss the hound.
The hound is almost dead.
You hit the hound.
You kill the hound!
Lugonu accepts your kill.
The iguana bites you but does no damage.
You have reached level 5!
Your demonic ancestry asserts itself...
Your blood heats up.
There is a stone staircase leading up here.
The iguana bites you but does no damage.
You climb upwards.
There is a stone staircase leading down here.
The iguana barely misses you.
Things that are here:
a +0 plate armour; 2 stones; a +0 short sword You hit the iguana but do no damage.
The iguana bites you.
* * * LOW HITPOINT WARNING * * *
You aren't carrying any potions.
You hit the iguana.
The iguana is lightly wounded.
The iguana is engulfed in blazing flames.
The iguana bites you!
You die...

#.# ♣.♣♣ #..#.# #.#
♣♣.♣ #....# #.# ###
♣.♣♣ ##.### #.# #.#
♣♣.♣♣ #.# ##.## #.#
♣..P♣♣ #.#
#...########.# ♣.P♣P♣
#.# #.#..........#
#....# ####.#
#...########.####..##
#....# #####
#.l@.....# ######
#.##....## #.##.####
#....# ######


You could see an iguana.

Vanquished Creatures
  A hound (D:4)
  Crazy Yiuf (D:3)
  2 adders (D:2)
  3 dart slugs
  5 ball pythons
  6 endoplasms
  2 giant cockroaches
  4 goblins
  6 hobgoblins
  14 jackals
  A quokka (D:3)
  4 bats
  7 kobolds
  5 rats
61 creatures vanquished.

Vanquished Creatures (others)
  2 fungi (D:3)
2 creatures vanquished.

Grand Total: 63 creatures vanquished

Notes
Turn   | Place    | Note
-------+----------+-------------------------------------------
     0 | Abyss:1  | polve the Demonspawn Abyssal Knight began the quest for the
                  | Orb.
     0 | Abyss:1  | Reached XP level 1. HP: 18/18 MP: 2/2
    30 | Abyss:1  | Found a corrupted altar of Lugonu.
    91 | Abyss:1  | Noticed a hellephant
    91 | Abyss:1  | Noticed a death drake
    92 | D:1      | Escaped the Abyss
   131 | D:1      | Reached skill level 2 in Long Blades
   234 | D:1      | Reached * piety under Lugonu
   260 | D:1      | Gained mutation: When seriously injured, your bleeding
                  | wounds create armour. (AC +6) [demonic ancestry]
   260 | D:1      | Reached XP level 2. HP: 23/24 MP: 3/3
   662 | D:1      | Found a faded altar of an unknown god.
   776 | D:1      | Reached skill level 3 in Long Blades
   865 | D:1      | Reached XP level 3. HP: 26/29 MP: 4/4
  1885 | D:3      | Reached skill level 4 in Long Blades
  1885 | D:3      | Gained mutation: You have a pair of small antennae on your
                  | head. [demonic ancestry]
  1885 | D:3      | Reached XP level 4. HP: 29/35 MP: 5/5
  2201 | D:3      | Reached ** piety under Lugonu
  3159 | D:3      | Found a runed translucent door.
  3160 | D:3      | Noticed Crazy Yiuf
  3367 | D:3      | Killed Crazy Yiuf
  3573 | D:4      | Noticed a scorpion
  3608 | D:4      | Gained mutation: Your demonic aura sometimes causes spilled
                  | blood to erupt in flames [demonic ancestry]
  3608 | D:4      | Reached XP level 5. HP: 6/41 MP: 6/6
  3640 | D:3      | Slain by an iguana

Illustrated notes

Levels and vault maps discovered:
D:1:      minmay_arrival_doors, layout_basic, ebering_ecumenical_altar_ruins,
          minmay_statues_item
D:2:      layout_loops_cross, chequers_decorated_corner, grunt_ministairs_2
D:3:      layout_loops_corners, uniq_crazy_yiuf_cottage
D:4:      minmay_recursive_quarters, layout_loops_ring,
          nicolae_yredelemnul_corpse_copse

Skill      XL: |  1  2  3 |
---------------+----------+-----
Long Blades    | 2 3 4 |  4.9
Fighting       | |  3.0
Armour         | |  1.7
Dodging        | |  0.8
Invocations    | |  2.4

Action                   |  1- 3 |  4- 6 || total
-------------------------+-------+-------++-------
Melee: Falchion          |   114 |   112 ||   226
Invok: Depart the Abyss  |     1 |       ||     1
  Use: Potion            |       |     4 ||     4
Armor: Leather armour    |    32 |    41 ||    73
Dodge: Dodged            |    92 |    57 ||   149
       Rpst.: Falchion   |    32 |    17 ||    49

Table legend: (Time is in decaauts)
 A = Elapsed time spent in this place.
 B = Non-inter-level travel time spent in this place.
 C = Inter-level travel time spent in this place.
 D = Time resting spent in this place.
 E = Time spent auto-exploring this place.
 F = Levels seen in this place.
 G = Mean time per level.
                   A        B        C        D        E       F      G
               +--------+--------+--------+--------+--------+-----+--------+
         Total |   3659 |   3584 |     75 |      0 |   3070 |   5 |  731.8 |
       Dungeon |   3567 |   3492 |     75 |      0 |   2980 |   4 |  891.8 |
         Abyss |     92 |     92 |      0 |      0 |     89 |   1 |   92.0 |
               +--------+--------+--------+--------+--------+-----+--------+

Top non-repeatable levels by time:
     D:3: 1692 daAuts
     D:1: 1000 daAuts
     D:2: 804 daAuts
 Abyss:1: 92 daAuts
     D:4: 69 daAuts
